 Dungeon Crawl Stone Soup version 0.14.0-17-gc0b17a5 (webtiles) character file.

480 Chiseanne the Magician (level 6, -3/32 HPs)
             Began as a Spriggan Wanderer on Apr 18, 2014.
             Killed by nerve-wracking pain
             ... invoked by Grinder
              (10 damage)
             ... while paralysed by a potion of paralysis
             ... on Level 4 of the Dungeon.
             The game lasted 00:17:01 (5650 turns).

Chiseanne the Magician (Spriggan Wanderer)          Turns: 5650, Time: 00:17:02

HP  -3/32        AC  3     Str  8      XL: 6   Next:  7%
MP  22/22        EV  4     Int 15      God:
Gold 197         SH  0     Dex 21      Spells:  1 memorised, 15 levels left

rFire  . . .     SeeInvis +     a - +3,+2 quarterstaff (chaos)
rCold  . . .     Clarity  +     b - +0 robe
rNeg   . . .     Conserve .     (shield restricted)
rPois  .         rCorr    .     (helmet restricted)
rElec  .         rRot     .     l - +0 cloak
SustAb . .       Spirit   .     (gloves unavailable)
rMut   .         Warding  .     (boots unavailable)
Saprov . . .     Stasis   .     g - amulet of clarity
MR     +....                    (no ring)
                                (no ring)

@: paralysed, invisible, agile, very slightly contaminated, very quick, somewhat
resistant to hostile enchantments, very stealthy
A: unfitting armour, see invisible, herbivore 3, speed 3, slow metabolism 2,
wild magic 1
a: no special abilities


You were on level 4 of the Dungeon.
You were not hungry.

You visited 1 branch of the dungeon, and saw 4 of its levels.

You collected 197 gold pieces.

Inventory:

Hand weapons
 a - a +3,+2 quarterstaff of chaos (weapon)
Armour
 b - a +0 robe (worn)
 l - a +0 cloak (worn)
Comestibles
 f - an apple
 n - a choko
 o - a bread ration
Scrolls
 h - 4 scrolls of remove curse
 k - a scroll of fear
 m - 2 scrolls of identify {unknown}
Jewellery
 g - an amulet of clarity (around neck)
Potions
 d - a potion of curing
Magical staves
 j - an uncursed staff of cold


   Skills:
 * Level 3.2 Fighting
 * Level 4.5 Dodging
 * Level 4.6 Stealth
 * Level 5.5 Spellcasting
   Level 2.4 Hexes
 * Level 2.2 Transmutations


You had 15 spell levels left.
You knew the following spells:

 Your Spells              Type           Power        Failure   Level  Hunger
a - Beastly Appendage     Trmt           ###...       16%         1    None


Dungeon Overview and Level Annotations

Branches:
Dungeon (4/15)
 Temple: D:4-7

Altars:
Yredelemnul

Annotations:
D:2 Sigmund
D:4 Eustachio, Grinder


Innate Abilities, Weirdness & Mutations

You are tiny and cannot use many weapons and most armour.
You have supernaturally acute eyesight.
You are a herbivore.
You cover ground extremely quickly.
You need consume almost no food.
Your spells are a little harder to cast, but a little more powerful.


Message History

You suddenly lose the ability to move!
Grinder gestures at you. You resist.
Grinder gestures.
Grinder blinks!
You can move again.
Drink which item? (? for menu, Esc to quit)
You feel agile all of a sudden.
Grinder zaps a wand.
The puff of flame hits you!
* * * LOW HITPOINT WARNING * * *
Drink which item? (? for menu, Esc to quit)
You fade into invisibility!
It was a potion of invisibility.
Grinder zaps a wand.
The puff of flame misses you.
You are very lightly contaminated with residual magic.
Drink which item? (? for menu, Esc to quit)
You suddenly lose the ability to move!
It was a potion of paralysis.
Grinder gestures at you. Pain shoots through your body!
You die...

.#####....##..........
..#####....##..........
......##....##..........
.............o......o....
#.......#####.######...##.
#......# #............#.
#......# #..............
#......####..............
#......5@)........... ..
#.....%####........##
######## ##########


You could see Grinder.

Vanquished Creatures
  An orc priest (D:3)
  Crazy Yiuf (D:2)
  2 orc wizards (D:3)
  7 adders
  A worm (D:1)
  4 giant geckos
  4 oozes
  4 orcs
  2 ball pythons
  2 giant cockroaches
  13 goblins
  15 hobgoblins
  A quokka (D:2)
  10 bats
  A giant newt (D:1)
  10 kobolds
  9 rats
87 creatures vanquished.

Vanquished Creatures (collateral kills)
  A rat (D:3)
1 creature vanquished.

Vanquished Creatures (others)
  A bat zombie (D:3)
1 creature vanquished.

Grand Total: 89 creatures vanquished

Notes
Turn   | Place    | Note
--------------------------------------------------------------
     0 | D:1      | Chiseanne, the Spriggan Wanderer, began the quest for the Orb.
     0 | D:1      | Reached XP level 1. HP: 11/11 MP: 7/7
   440 | D:1      | Reached skill level 1 in Transmutations
   440 | D:1      | Reached XP level 2. HP: 8/16 MP: 10/10
   945 | D:1      | Reached XP level 3. HP: 4/19 MP: 14/14
  2217 | D:1      | Reached skill level 5 in Spellcasting
  2641 | D:2      | Noticed Sigmund
  2907 | D:2      | Reached skill level 1 in Dodging
  2947 | D:2      | Reached XP level 4. HP: 19/24 MP: 18/18
  3907 | D:2      | Noticed Crazy Yiuf
  3925 | D:2      | Killed Crazy Yiuf
  4268 | D:3      | Reached XP level 5. HP: 28/28 MP: 20/20
  4385 | D:3      | Gained mutation: Your spells are a little harder to cast, but a little more powerful. [potion of beneficial mutation]
  4698 | D:3      | Found a basalt altar of Yredelemnul.
  4947 | D:4      | Noticed Eustachio
  5261 | D:4      | Noticed an orc warrior
  5276 | D:3      | Reached XP level 6. HP: 17/32 MP: 22/22
  5515 | D:4      | Noticed Grinder
  5605 | D:4      | Paralysed by Grinder for 5 turns
  5640 | D:4      | Paralysed by Grinder for 7 turns
  5649 | D:4      | Paralysed by a potion of paralysis for 2 turns
  5650 | D:4      | Killed from afar by Grinder

Action                   |  1- 3 |  4- 6 || total
-------------------------+-------+-------++-------
Melee: Spear             |   136 |    58 ||   194
       Quarterstaff      |       |    97 ||    97
  Use: Potion            |     1 |     8 ||     9
       Scroll            |     4 |     2 ||     6
 Stab: Sleeping          |     1 |     4 ||     5
       Confused          |       |     1 ||     1
